 Dungeon Crawl Stone Soup version 0.24.0-37-gcf1ca852f1 (webtiles) character file.

Game seed: 15798198083940877366, levelgen mode: deterministic

23 FishyPogo the Conjurer (level 2, -5/20 HPs)
             Began as a Gnoll Conjurer on Dec 5, 2019.
             Slain by a slave (10 damage)
             ... led by Pikel
             ... on level 4 of the Dungeon.
             The game lasted 00:03:51 (844 turns).

FishyPogo the Conjurer (Gnoll Conjurer)              Turns: 844, Time: 00:03:51

Health: -5/20      AC:  2    Str: 10    XL:     2   Next: 95%
Magic:  0/7        EV: 14    Int: 17    God:
Gold:   54         SH:  0    Dex: 13    Spells: 9/10 levels left

rFire    . . .     SeeInvis .   o - +0 club
rCold    + . .     Gourm    .   (no shield)
rNeg     . . .     Faith    .   a - +0 robe
rPois    .         Spirit   .   (no helmet)
rElec    .         Reflect  .   (no cloak)
rCorr    .         Harm     .   (no gloves)
MR       .....                  (no boots)
Stlth    +++.......             (no amulet)
HPRegen  0.06/turn              q - ring of flight
MPRegen  0.10/turn              (no ring)

@: no status effects
A: distributed training, fangs 1, clumsy 1, cold resistance 1, screaming 1,
strong nose
a: Evoke Flight


You were on level 4 of the Dungeon.
You were not hungry.

You visited 1 branch of the dungeon, and saw 5 of its levels.

You collected 54 gold pieces.

Inventory:

Hand Weapons
 o - a +0 club (weapon)
Missiles
 e - 8 javelins (quivered)
 g - 24 stones
 k - 13 poisoned darts
Armour
 a - a +0 robe (worn)
Jewellery
 q - a ring of flight (left hand)
Wands
 r - a wand of polymorph (9)
Scrolls
 b - 2 scrolls of magic mapping {unknown}
 f - a scroll of enchant weapon {unknown}
 i - 3 scrolls of blinking {unknown}
 j - 2 scrolls of teleportation {unknown}
 m - a scroll of remove curse {unknown}
 n - a scroll of immolation {unknown}
Potions
 h - a potion of agility {unknown}
 l - a potion of heal wounds {unknown}
Comestibles
 c - 3 rations
 p - 3 chunks of flesh


   Skills:
 + Level 0.5 Fighting
 + Level 0.5 Short Blades
 + Level 0.5 Long Blades
 + Level 0.5 Axes
 + Level 0.5 Maces & Flails
 + Level 0.5 Polearms
 + Level 0.5 Staves
 + Level 0.5 Slings
 + Level 0.5 Bows
 + Level 0.5 Crossbows
 + Level 0.5 Throwing
 + Level 0.5 Armour
 + Level 4.5 Dodging
 + Level 4.1 Stealth
 + Level 0.5 Shields
 + Level 0.5 Unarmed Combat
 + Level 4.9 Spellcasting
 + Level 7.0 Conjurations
 + Level 0.4 Hexes
 + Level 0.4 Charms
 + Level 0.4 Summonings
 + Level 0.4 Necromancy
 + Level 0.4 Translocations
 + Level 0.4 Transmutations
 + Level 0.4 Fire Magic
 + Level 0.4 Ice Magic
 + Level 0.4 Air Magic
 + Level 0.4 Earth Magic
 + Level 0.4 Poison Magic
 + Level 0.7 Invocations
 + Level 0.5 Evocations


You had 9 spell levels left.
You knew the following spells:

 Your Spells              Type           Power        Failure   Level  Hunger
a - Magic Dart            Conj           ####         1%          1    None

Your spell library contained the following spells:

 Spells                   Type           Power        Failure   Level  Hunger
 Searing Ray              Conj           ####..       1%          2    #......
 Iskenderun's Mystic Bla  Conj           ####....     8%          4    ####...
 Dazzling Spray           Conj/Hex       ###...       10%         3    ###....
 Force Lance              Conj/Tloc      ###.....     30%         4    ####...
 Fulminant Prism          Conj/Hex       ###.......   30%         4    ####...


Dungeon Overview and Level Annotations

Branches:
Dungeon (5/15)
 Temple: D:4-7

Altars:

Annotations:
D:4 Pikel


Innate Abilities, Weirdness & Mutations

Your experience applies equally to all skills.
You have very sharp teeth.
Your uncanny sense of smell can sniff out nearby items.
You are clumsy. (Dex -2)
Your flesh is cold resistant. (rC+)
You occasionally shout uncontrollably at your foes.


Message History

Aiming: Magic Dart (safe; 1% risk of failure)
Press: ? - help, Shift-Dir - straight line, f/p - slave
Aim: a slave (severely wounded)
The magic dart hits the slave.
The slave is almost dead.
The slave misses you.
It was a potion of mutation.
You feel extremely strange.
You feel the urge to shout.
You feel clumsy.
You feel resistant to cold. The slave hits you.
* * * LOW HITPOINT WARNING * * *
Casting: Magic Dart (safe; 1% risk of failure)
Confirm with . or Enter, or press ? or * to list all spells.
Aiming: Magic Dart (safe; 1% risk of failure)
Press: ? - help, Shift-Dir - straight line, f/p - slave
Aim: a slave (almost dead)
The magic dart hits the slave.
The slave is almost dead.
The slave hits you!
Ouch! That really hurt!
You die...

#.# . .#.####.#### p
.........).#########.
##.###.##.#...p..K.p #.
#.##.#.# . #. #.##.#.# p
. #. #.##.#.#######.
....##.###.##.#p......>.
.......@p..##.#..####..#
....#########.#..# #...
. #....# #.#. ∆
..................
##################


You could see a slave.

Vanquished Creatures
  A dart slug (D:1)
  A ball python (D:1)
  A giant cockroach (D:3)
  3 goblins
  A hobgoblin (D:2)
  3 kobolds
  2 quokkas
  A bat (D:2)
  2 frilled lizards
  5 rats
20 creatures vanquished.

Notes
Turn   | Place    | Note
-------+----------+-------------------------------------------
     0 | D:1      | FishyPogo the Gnoll Conjurer began the quest for the Orb.
     0 | D:1      | Reached XP level 1. HP: 13/13 MP: 6/6
   130 | D:1      | Reached XP level 2. HP: 14/19 MP: 1/7
   708 | D:5      | Entered Level 5 of the Dungeon
   718 | D:5      | Noticed a scorpion
   802 | D:4      | Noticed a slave
   802 | D:4      | Noticed a slave
   802 | D:4      | Noticed a slave
   812 | D:4      | Noticed Pikel
   812 | D:4      | Noticed a slave
   843 | D:4      | Gained mutation: You occasionally shout uncontrollably at
                  | your foes. [potion of mutation]
   843 | D:4      | Gained mutation: You are clumsy. (Dex -2) [potion of
                  | mutation]
   843 | D:4      | Gained mutation: Your flesh is cold resistant. (rC+)
                  | [potion of mutation]
   844 | D:4      | Slain by a slave

Levels and vault maps discovered:
D:1:      wander_arrival_lonely_grave, layout_rooms, grunt_decor_one_mirror,
          minmay_pentomino_q4
D:2:      layout_basic
D:3:      minmay_roachtagon, layout_basic, ashenzari_conservatory_becter,
          kennysheep_slug_shrine, nicolae_ru_sacrificial_ziggurat
D:4:      layout_loops_ring, good_gods_mini_temple,
          lemuel_coloured_pillars_altar, kennysheep_mini_moat,
          minmay_temple_entry_from_below_a, uniq_blork_the_orc, uniq_pikel,
          uniq_edmund
D:5:      layout_loops_corners, first_ration, minmay_manual_mares,
          uniq_eustachio

Action                   || total
-------------------------++-------
Melee: Unarmed           ||     8
       Bite              ||     1
       Club              ||     1
 Cast: Magic Dart        ||    39
  Use: Potion            ||     1
Armor: Robe              ||     1
Dodge: Dodged            ||    12
